 Dungeon Crawl Stone Soup version 0.28-a0-309-gf6d37e6e1d (webtiles) character file.

Game seed: 16121842171600264146

200 MaCx the Shooter (level 5, -4/33 HPs)
             Began as a Gargoyle Hunter on Aug 30, 2021.
             Slain by paps's ghost (6 damage)
             ... on level 3 of the Dungeon on Sept 8, 2021.
             The game lasted 00:24:57 (3546 turns).

MaCx the Shooter (Gargoyle Hunter)                  Turns: 3546, Time: 00:24:58

Health: -4/33      AC: 12    Str: 16    XL:     5   Next: 78%
Magic:  5/5        EV: 10    Int: 12    God:
Gold:   104        SH:  0    Dex: 10    Spells: 4/4 levels left

rFire   . . .      SeeInvis .   b - +0 short sword
rCold   . . .      Faith    .   (no shield)
rNeg    + . .      Spirit   .   g - +0 ring mail
rPois   ∞          Reflect  .   i - +2 helmet
rElec   +          Harm     .   (no cloak)
rCorr   .          Rampage  .   (no gloves)
Will    .....                   (no boots)
Stlth   +.........              (no amulet)
HPRegen 0.11/turn               (no ring)
MPRegen 0.09/turn               (no ring)

@: no status effects
A: sickness immunity, AC +4, negative energy resistance 1, electricity
resistance, torment resistance 1, petrification resistance
a: no special abilities


You were on level 3 of the Dungeon.
You visited 1 branch of the dungeon, and saw 3 of its levels.

You collected 104 gold pieces.

Inventory:

Hand Weapons
 a - a +1 shortbow of venom
 b - a +0 short sword (weapon)
 f - a +0 flail
 j - a +2 dagger of venom
Missiles
 d - 41 arrows
Armour
 e - a +0 plate armour
 g - a +0 ring mail (worn)
 i - a +2 helmet (worn)
Potions
 c - 2 potions of ambrosia
 h - a potion of resistance {unknown}
 k - a potion of haste {unknown}


   Skills:
 + Level 3.7 Fighting
 - Level 0.2 Maces & Flails
 * Level 5.7 Bows
 + Level 2.2 Armour
 - Level 1.5 Dodging
 - Level 1.1 Stealth


You had 4 spell levels left.
You didn't know any spells.
Your spell library contained the following spells:

 Spells                   Type           Power      Damage    Failure   Level
 Corona                   Hex            0%         N/A       52%         1
 Ensorcelled Hibernation  Hex/Ice        0%         N/A       67%         2
 Tukima's Dance           Hex            0%         N/A       88%         3


Dungeon Overview and Level Annotations

Branches:
Dungeon (3/15)

Altars:
Cheibriados
Gozag
Yredelemnul

Annotations:
D:3 paps's ghost, amateur DsGl


Innate Abilities, Weirdness & Mutations

You are immune to sickness and miasma.
Your stone body is resilient. (AC +4)
You are immune to poison.
You resist negative energy. (rN+)
You are resistant to electric shocks. (rElec)
You are resistant to unholy torment.
You are immune to petrification.


Message History

Fire: 44 arrows
Press: ? - help, Q - select action Shift-Dir - straight line, f/p - paps's ghost
Aim: paps's ghost (moderately damaged, 60% to hit)
You shoot an arrow.
The arrow hits paps's ghost but does no damage.
Paps's ghost is moderately damaged.
Paps's ghost hits you but does no damage.
Fire: 43 arrows
Press: ? - help, Q - select action Shift-Dir - straight line, f/p - paps's ghost
Aim: paps's ghost (moderately damaged, 60% to hit)
You shoot an arrow.
The arrow completely misses paps's ghost.
The arrow hits the orc priest but does no damage.
The orc priest is almost dead.
You kill the orc priest!
Paps's ghost barely misses you.
Fire: 42 arrows
Press: ? - help, Q - select action Shift-Dir - straight line, f/p - paps's ghost
Aim: paps's ghost (moderately damaged, 60% to hit)
You shoot an arrow. The arrow hits paps's ghost.
Paps's ghost is moderately damaged.
Paps's ghost closely misses you.
Fire: 41 arrows
Press: ? - help, Q - select action Shift-Dir - straight line, f/p - paps's ghost
Aim: paps's ghost (moderately damaged, 60% to hit)
Okay, then.
Your +1 shortbow of venom stops dripping with poison.
b - a +0 short sword (weapon)
You hit paps's ghost.
Paps's ghost is heavily damaged.
Paps's ghost hits you!
* * * LOW HITPOINT WARNING * * *
You barely miss paps's ghost.
Paps's ghost is heavily damaged.
Paps's ghost hits you.
* * * LOW HITPOINT WARNING * * *
You barely miss paps's ghost.
Paps's ghost is heavily damaged.
Paps's ghost hits you.
You die...

#.# #...#∩.$$.#.##.##..... #.#
#...#8.$$$'.(.).....### #.#
##'##∩$8_$'..##.#...... #.#
#...#8$...'...............##
#+###÷.##..$..#..##.#.#.###.##.#.
.......###.8.##.......#.# #.##.#.
.[.....# ### ###)#.#..#.###.##.#.
.......# #W#.#........##.#.
.......## ######@#.##.#.###.##.#.
#.......# #......#.##.#.###.##.#.
#####...# #....................#.
........# #......#.###..###.#....
#####...# #......#.# #.>......###
#...# #......#.# ######.#...#
#####.### ###.##.#.## #.#.#.#
.....## ## #....# #.#.#.. ######
#....# ##.#.###


You could see paps's ghost.

Vanquished Creatures
  A water moccasin skeleton (D:3)
  An orc priest (D:3)
  A centaur skeleton (D:3)
  4 adders
  A dart slug (D:2)
  3 endoplasms
  A giant cockroach (D:2)
  10 goblins
  6 hobgoblins
  6 quokkas
  3 ball pythons (D:2)
  11 bats
  4 frilled lizards
  5 kobolds
  4 rats
61 creatures vanquished.

Notes
Turn   | Place    | Note
-------+----------+-------------------------------------------
     0 | D:1      | MaCx the Gargoyle Hunter began the quest for the Orb.
     0 | D:1      | Reached XP level 1. HP: 12/12 MP: 1/1
   108 | D:1      | Reached XP level 2. HP: 10/18 MP: 2/2
  1420 | D:1      | Reached XP level 3. HP: 19/22 MP: 3/3
  1810 | D:2      | Found a faded altar of an unknown god.
  2134 | D:2      | Reached skill level 1 in Armour
  2134 | D:2      | Reached XP level 4. HP: 20/28 MP: 4/4
  2500 | D:2      | Reached skill level 5 in Bows
  2872 | D:3      | Reached XP level 5. HP: 12/32 MP: 5/5
  3395 | D:3      | Found a runed translucent gate.
  3395 | D:3      | Found a runed translucent gate.
  3395 | D:3      | Found an opulent altar of Gozag.
  3395 | D:3      | Found a runed translucent gate.
  3398 | D:3      | Noticed paps's ghost (amateur DsGl)
  3479 | D:3      | Found a snail-covered altar of Cheibriados.
  3479 | D:3      | Found a basalt altar of Yredelemnul.
  3545 | D:3      | HP: 1/33 [paps's ghost (1)]
  3546 | D:3      | Slain by paps's ghost

Illustrated notes

Levels and vault maps discovered:
D:1:      lightli_iron_boxes, layout_basic, minmay_lizard_pond
D:2:      layout_basic, basic_ecumenical_altar
D:3:      layout_basic, mainiacjoe_overflow_large_starburst,
          gup_sewer_entry_spiral, ebering_ghost_gozag, grunt_ministairs_3

Skill      XL: |  1  2  3  4  5 |
---------------+----------------+-----
Fighting       | 3 |  3.7
Armour         | 1 2 |  2.2
Bows           | 5 |  5.7
Maces & Flails | |  0.2
Dodging        | |  1.5
Stealth        | |  1.1

Action                   |  1- 3 |  4- 6 || total
-------------------------+-------+-------++-------
Melee: Short sword       |    64 |    82 ||   146
       Flail             |    88 |       ||    88
 Fire: Shortbow          |     4 |    33 ||    37
  Use: Scroll            |       |     3 ||     3
Armor: Leather armour    |    42 |       ||    42
       Ring mail         |    51 |    69 ||   120
Dodge: Dodged            |    86 |    51 ||   137

Table legend: (Time is in decaauts)
 A = Elapsed time spent in this place.
 B = Non-inter-level travel time spent in this place.
 C = Inter-level travel time spent in this place.
 D = Time resting spent in this place.
 E = Time spent auto-exploring this place.
 F = Levels seen in this place.
 G = Mean time per level.
                   A        B        C        D        E       F      G
               +--------+--------+--------+--------+--------+-----+--------+
         Total |   3583 |   3493 |     90 |    599 |   1764 |   3 | 1194.3 |
       Dungeon |   3583 |   3493 |     90 |    599 |   1764 |   3 | 1194.3 |
               +--------+--------+--------+--------+--------+-----+--------+

Top non-repeatable levels by time:
     D:1: 1752 daAuts
     D:2: 1141 daAuts
     D:3: 690 daAuts
